 Dungeon Sprint DCSS version 0.30-a0-373-gd37427bb62 (webtiles) character file.

Game seed: 4460496298485552643

222742 rocky1 the Grand Master (level 19, -12/184 HPs)
             Began as a Gnoll Warper on Nov 24, 2022.
             Was the Champion of Cheibriados.
             Killed from afar by Dispater (55 damage)
             ... with a crystal spear
             ... in the Dungeon (Sprint VII: "The Pits").
             The game lasted 01:12:57 (10687 turns).

rocky1 the Grand Master (Gnoll Warper)             Turns: 10687, Time: 01:12:58

Health: -12/184    AC: 37    Str: 27    XL:     19   Next: 24%
Magic:  22/48      EV: 45    Int: 31    God:    Cheibriados [******]
Gold:   200        SH: 16    Dex: 35    Spells: 6/68 levels left

rFire   + + +      SeeInvis .    E - +11 demon blade (vamp)
rCold   + . .      Faith    .    M - +3 buckler {AC+3}
rNeg    + + .      Spirit   .    V - +8 acid dragon scales
rPois   +          Reflect  .    (helmet restricted)
rElec   +          Harm     .    y - +2 cloak {rPois}
rCorr   +          Rampage  .    P - +3 pair of gauntlets of War {Slay+5}
Will    ++...      NoTele   +    u - +2 pair of boots
Stlth   ++++......               j - amulet of Elitism {Acrobat rElec rF+ rN+ Slay+2}
HPRegen 0.50/turn                a - ring "Koeph" {rC+ Will+ Int+2 Slay+5}
MPRegen 0.31/turn                q - ring of Goylug {rF+ rN+ Dex+3 Slay+5 Stlth-}

@: brilliant, glowing, studying 3 skills, very slow
A: fangs 1, strong nose, distributed training, antennae 1, fire resistance 1
}: 1/3 runes: silver
a: Renounce Religion, Bend Time, Temporal Distortion, Slouch, Step From Time


You were in the Dungeon.
You worshipped Cheibriados.
Cheibriados was exalted by your worship.
You visited 1 branch You collected 200 gold pieces.

Inventory:

Hand Weapons
 h - the +3 double sword of the Seventy-Seven Orbs {freeze, rPois rC++}
   (You found it in the Dungeon)

   It freezes those it strikes, dealing additional cold damage.
   It can also slow down cold-blooded creatures.
   rC:        It greatly protects you from cold.
   rPois:     It protects you from poison.
 i - a +2 triple sword of holy wrath
 t - the +9 battleaxe of Tension {vorpal, Drain rPois rF+ Dex+5 SInv}
   (You found it in the Dungeon)

   It inflicts extra damage upon your enemies.
   Dex:       It affects your dexterity (+5).
   rF:        It protects you from fire.
   rPois:     It protects you from poison.
   SInv:      It lets you see invisible.
   Drain:     It drains your maximum health when unequipped.
 v - a +2 scimitar of holy wrath
 E - a +11 vampiric demon blade (weapon)
 K - a +1 sacred scourge of holy wrath
 O - the +8 broad axe of Xom, Destroying {vorpal, Int+4}
   (You found it in the Dungeon)

   It inflicts extra damage upon your enemies.
   Int:       It affects your intelligence (+4).
 Q - the +9 broad axe of Arcadian Fortitude {antimagic, rN+}
   (You found it in the Dungeon)

   It reduces the magical energy of the wielder, and disrupts the spells and
   magical abilities of those it strikes.
   Natural abilities and divine invocations are not affected.
   rN:        It protects you from negative energy.
Missiles
 d - 6 boomerangs of dispersal (quivered)
 x - 4 throwing nets
 J - 3 javelins
Armour
 c - a +4 tower shield of poison resistance
 u - a +2 pair of boots (worn)
 y - a +2 cloak of poison resistance (worn)
 M - a +3 buckler of protection (worn)
 P - the +3 pair of gauntlets of War (worn) {Slay+5}
   (You found it in the Dungeon)

   Slay:      It affects your accuracy & damage with ranged weapons and melee
   (+5).
 V - +8 acid dragon scales (worn)
Jewellery
 a - the ring "Koeph" (left hand) {rC+ Will+ Int+2 Slay+5}
   (You found it in the Dungeon)

   [ring of slaying]

   Int:       It affects your intelligence (+2).
   Slay:      It affects your accuracy & damage with ranged weapons and melee
   (+5).
   rC:        It protects you from cold.
   Will:      It increases your willpower.
 b - the ring of Ataoty {rElec rC+ rN+ Int+6 Slay-4}
   (You found it in the Dungeon)

   [ring of intelligence]

   Int:       It affects your intelligence (+6).
   Slay:      It affects your accuracy & damage with ranged weapons and melee
   (-4).
   rC:        It protects you from cold.
   rElec:     It insulates you from electricity.
   rN:        It protects you from negative energy.
 g - the ring "Qeol" {rF+ SInv Stlth+}
   (You found it in the Dungeon)

   [ring of see invisible]

   rF:        It protects you from fire.
   SInv:      It lets you see invisible.
   Stlth:     It makes you more stealthy.
 j - the amulet of Elitism (around neck) {Acrobat rElec rF+ rN+ Slay+2}
   (You found it in the Dungeon)

   [amulet of the acrobat]

   It increases your evasion while moving and waiting.
   Slay:      It affects your accuracy & damage with ranged weapons and melee
   (+2).
   rF:        It protects you from fire.
   rElec:     It insulates you from electricity.
   rN:        It protects you from negative energy.
 k - the amulet "Naaloupnath" {Reflect +Blink Fly SH+5}
   (You found it in the Dungeon)

   [amulet of reflection]

   It reflects blocked missile attacks.
   Fly:       It grants you flight.
   +Blink:    It lets you blink.
   SH:        It affects your SH (+5).
 n - the ring "Utyxie" {MP+9 Str+7}
   (You found it in the Dungeon)

   [ring of magical power]

   Str:       It affects your strength (+7).
   MP:        It affects your magic capacity (+9).
 q - the ring of Goylug (right hand) {rF+ rN+ Dex+3 Slay+5 Stlth-}
   (You found it in the Dungeon)

   [ring of protection from fire]

   Dex:       It affects your dexterity (+3).
   Slay:      It affects your accuracy & damage with ranged weapons and melee
   (+5).
   rF:        It protects you from fire.
   rN:        It protects you from negative energy.
   Stlth:     It makes you less stealthy.
Wands
 A - a wand of mindburst (8)
Scrolls
 l - 5 scrolls of amnesia
 m - 5 scrolls of summoning
 w - 2 scrolls of poison
 B - 3 scrolls of fog
 D - 3 scrolls of fear
 F - 10 scrolls of identify
 I - a scroll of brand weapon
Potions
 e - 18 potions of curing
 f - 6 potions of heal wounds
 z - a potion of brilliance
 G - 4 potions of flight
 L - 4 potions of magic
 S - 4 potions of mutation
 W - 2 potions of resistance
 X - 2 potions of might
Miscellaneous
 p - a lightning rod (4/4)
 N - a condenser vane


   Skills:
 + Level 25.3 Fighting
 O Level 27 Short Blades
 + Level 25.3 Long Blades
 + Level 24.9 Axes
 + Level 24.9 Maces & Flails
 + Level 24.9 Polearms
 + Level 24.9 Staves
 + Level 24.9 Ranged Weapons
 + Level 25.0 Throwing
 + Level 25.0 Armour
 + Level 25.3 Dodging
 + Level 24.9 Stealth
 + Level 24.9 Shields
 O Level 27 Unarmed Combat
 + Level 25.3 Spellcasting
 + Level 21.4 Conjurations
 + Level 21.4 Hexes
 + Level 24.7 Summonings
 + Level 21.4 Necromancy
 + Level 22.0 Translocations
 + Level 21.4 Transmutations
 + Level 21.4 Fire Magic
 + Level 21.4 Ice Magic
 + Level 21.4 Air Magic
 + Level 21.4 Earth Magic
 + Level 21.4 Poison Magic
 + Level 26.9 Invocations
 + Level 24.9 Evocations


You had 6 spell levels left.
You knew the following spells:

 Your Spells              Type           Power      Damage    Failure   Level
a - Blink                 Tloc           100%       N/A       0%          2
b - Vhi's Electric Charg  Tloc/Air       100%       N/A       0%          3
c - Manifold Assault      Tloc           100%       N/A       0%          4
d - Lesser Beckoning      Tloc           100%       N/A       0%          3
e - Teleport Other        Tloc           100%       N/A       0%          3
f - Chain Lightning       Conj/Air       65%        3d87      12%         9
g - Ozocubu's Armour      Ice            100%       N/A       0%          3
h - Fire Storm            Conj/Fire      65%        8d17      12%         9
i - Necromutation         Tmut/Necr      65%        N/A       1%          8
j - Polar Vortex          Ice            65%        N/A       12%         9
k - Shatter               Erth           65%        3d48*     12%         9

Your spell library contained the following spells:

 Spells                   Type           Power      Damage    Failure   Level
 Apportation              Tloc           100%       N/A       0%          1
 Beastly Appendage        Tmut           100%       N/A       0%          1
 Necrotise                Necr           100%       1d9       0%          1
 Slow                     Hex            100%       N/A       0%          1
 Sting                    Tmut/Pois      100%       1d8       0%          1
 Summon Small Mammal      Summ           100%       N/A       0%          1
 Cigotuvi's Dreadful Rot  Necr/Pois/Air  100%       N/A       0%          2
 Ensorcelled Hibernation  Hex/Ice        100%       N/A       0%          2
 Passwall                 Tmut/Erth      100%       N/A       0%          2
 Poisonous Vapours        Pois/Air       100%       N/A       0%          2
 Sublimation of Blood     Necr           100%       N/A       0%          2
 Confusing Touch          Hex            100%       N/A       0%          3
 Gell's Gravitas          Tloc           100%       N/A       0%          3
 Inner Flame              Hex/Fire       100%       N/A       0%          3
 Kindle Blastsparks       Fire/Tloc/Air  100%       2d18      0%          3
 Spider Form              Tmut/Pois      100%       N/A       0%          3
 Stone Arrow              Conj/Erth      100%       3d13      0%          3
 Swiftness                Air            100%       N/A       0%          3
 Vampiric Draining        Necr           100%       2d13      0%          3
 Anguish                  Hex/Necr       65%        N/A       0%          4
 Animate Armour           Summ/Erth      100%       N/A       0%          4
 Animate Dead             Necr           100%       N/A       0%          4
 Dispel Undead            Necr           100%       3d31      0%          4
 Flame Wave               Conj/Fire      100%       2d21      0%          4
 Petrify                  Tmut/Erth      100%       N/A       0%          4
 Sticky Flame             Conj/Fire      100%       2d11      0%          4
 Agony                    Necr           100%       N/A       0%          5
 Metabolic Englaciation   Hex/Ice        65%        N/A       0%          5
 Summon Forest            Summ/Tloc      67%        N/A       0%          5
 Death Channel            Necr           65%        N/A       1%          6
 Eringya's Noxious Bog    Tmut/Pois      65%        N/A       1%          6
 Simulacrum               Ice/Necr       65%        N/A       1%          6
 Starburst                Conj/Fire      65%        6d17      1%          6
 Statue Form              Tmut/Erth      87%        N/A       1%          6
 Haunt                    Necr/Summ      67%        N/A       1%          7
 Summon Hydra             Summ           69%        N/A       1%          7
 Borgnjor's Revivificati  Necr           65%        N/A       1%          8
 Infestation              Necr           65%        N/A       1%          8
 Lehudib's Crystal Spear  Conj/Erth      65%        10d15     1%          8
 Death's Door             Necr           65%        N/A       12%         9


Dungeon Overview and Level Annotations

Branches:
Dungeon (1/1)

Altars:
Ashenzari
Cheibriados
Dithmenos
Elyvilon
Fedhas
Gozag
Hepliaklqana
Kikubaaqudgha
Makhleb
Nemelex Xobeh
Okawaru
Qazlal
Ru
Sif Muna
Trog
Uskayaw
Vehumet
Wu Jian
Xom
Yredelemnul
Zin
The Shining One
Jiyva
Lugonu

Annotations:
D Asmodeus, Dispater


Innate Abilities, Weirdness & Mutations

You have very sharp teeth.
Your uncanny sense of smell can sniff out nearby items.
Your experience applies equally to all skills.
You have a pair of small antennae on your head.
Your flesh is heat resistant. (rF+)


Message History

Confirm with . or Enter, or press ? or * to list all spells.
You feel a surge of power!
The dungeon rumbles!
Dispater is almost dead.
The balrug is moderately wounded.
The Hell Sentinel is severely wounded.
The angel is heavily wounded.
Ka-crash!
You hear a shout!
You hear a roar.
You hear a shout! x3
You hear a shout.
You hear a shout!
You hear a low.
You hear a shout.
An angel comes into view. It is wielding a +2 whip of holy wrath.
Asmodeus gestures at you. The bolt of fire hits you. You resist.
* * * LOW HITPOINT WARNING * * *
Dispater gestures.
The balrug gestures at you.
The fireball explodes!
The fireball engulfs Asmodeus.
Asmodeus completely resists.
The fireball engulfs the Hell Sentinel.
The Hell Sentinel completely resists.
The fireball engulfs Dispater.
Dispater completely resists.
The fireball engulfs the balrug.
The balrug completely resists.
The fireball engulfs you. You resist.
* * * LOW HITPOINT WARNING * * *
Unknown command.
Casting: Shatter (dangerous; 12% risk of failure)
Confirm with . or Enter, or press ? or * to list all spells.
You feel a surge of power!
The dungeon rumbles!
The Hell Sentinel is lightly wounded.
Dispater is almost dead.
Asmodeus is lightly wounded.
The balrug is severely wounded.
The Hell Sentinel is almost dead.
The angel is heavily wounded.
The angel is moderately wounded.
Ka-crash!
You are engulfed in blazing flames.
You resist.
You hear a roar!
You hear a shout.
You hear a roar.
A daeva comes into view.
It is wielding a +3 eudemon blade of holy wrath.
Asmodeus completely misses you. Dispater gestures at you.
The crystal spear hits you!!!
You die...

∆∆∆∆∆∆∆∆∆∆∆∆∆∆∆*
∆∆∆∆∆∆∆∆∆∆∆∆∆∆∆*
∆∆∆∆∆∆∆∆∆∆∆∆∆∆∆#
∆∆∆∆∆∆∆∆∆∆∆∆∆∆∆A##
+###############A.
.......○..☼○....A#
.......°.......12##
############..##&&#
# *** *** #.○@#
#**.#**,****#.##1#
#.2#*,+**∆∆∆∆**#.#
2&.+,,,+∆∆∆∆∆∆*#[.
#2#**,**∆∆∆∆∆∆*#.#
#+# ****∆∆∆∆∆∆*..#
#.##*,***∆∆∆∆**..#
...+,,,*###### ..#
#.##*,###.'#.###'#


You could see Asmodeus (clouds), Dispater, 2 Hell Sentinels, a daeva, 2 angels
and a balrug (summoned).

Vanquished Creatures
  the Royal Jelly (D)
  Lom Lobon (D)
  Mara (D)
  Mennas (D)
  3 royal mummies (D)
  4 Killer Klowns (D)
  6 pandemonium lords (D)
  A curse toe (D)
  A golden dragon (D)
  Nikola (D)
  An electric golem (D)
  A profane servitor (D)
  2 bone dragons (D)
  A Brimstone Fiend (D)
  2 Hell Sentinels (D)
  2 tentacled monstrosities (D)
  2 Ice Fiends (D)
  A quicksilver dragon (D)
  5 liches (D)
  4 deep elf master archers (D)
  4 titans (D)
  4 deep elf blademasters (D)
  2 death cobs (D)
  11 acid blobs (D)
  Frances (D)
  2 Executioners (D)
  11 rockslimes (D)
  4 nagarajas (D)
  4 shadow dragons (D)
  Donald (D)
  3 fire giants (D)
  11 azure jellies (D)
  A storm dragon (D)
  A ghost moth (D)
  A daeva (D)
  A draconian scorcher (D)
  3 balrugs (D)
  3 deep elf sorcerers (D)
  A frost giant (D)
  2 iron dragons (D)
  2 cacodemons (D)
  2 draconian stormcallers (D)
  3 spriggan defenders (D)
  2 ghouls (D)
  4 orc warlords (D)
  7 quicksilver oozes (D)
  A war gargoyle (D)
  2 stone giants (D)
  3 apis (D)
  5 vampire knights (D)
  A black draconian (D)
  A minotaur (D)
  3 deep elf annihilators (D)
  A lorocyproca (D)
  A white draconian (D)
  A dire elephant (D)
  2 purple draconians (D)
  2 red draconians (D)
  2 blizzard demons (D)
  6 deep elf death magi (D)
  3 green deaths (D)
  A mummy priest (D)
  An ettin (D)
  A fire dragon (D)
  A merfolk impaler (D)
  An ettin (shapeshifter) (D)
  5 vault guards (D)
  2 deep elf high priests (D)
  2 yaktaur captains (D)
  2 hydras (D)
  An ice dragon (D)
  An anaconda (shapeshifter) (D)
  A catoblepas (D)
  Erica (D)
  2 anacondas (D)
  2 spriggan air magi (D)
  3 alligator snapping turtles (D)
  A merfolk avatar (D)
  An ogre mage (D)
  A two-headed ogre (D)
  A boulder beetle (D)
  An alligator (D)
  3 dancing weapons (D)
  2 death yaks (D)
  A deep troll shaman (D)
  3 hell hogs (D)
  10 vampire magi (D)
  A spriggan berserker (D)
  An orc high priest (D)
  Nergalle (D)
  7 hell knights (D)
  A deep elf knight (D)
  2 shadow wraiths (D)
  12 skeletal warriors (D)
  6 flayed ghosts (D)
  A large abomination (D)
  4 deep trolls (D)
  A sea snake (shapeshifter) (D)
  Pikel (D)
  2 swamp dragons (D)
  A phantasmal warrior (D)
  2 wizards (D)
  3 harpies (D)
  13 orc knights (D)
  A mana viper (shapeshifter) (D)
  2 necromancers (D)
  An ugly thing (D)
  A manticore (D)
  An orc sorcerer (D)
  A moth of wrath (D)
  A guardian serpent (D)
  8 elephants (D)
  A black mamba (D)
  An orange demon (D)
  A smoke demon (D)
  2 rust devils (D)
  A cane toad (D)
  A komodo dragon (D)
  3 yaktaurs (D)
  A kobold demonologist (D)
  An unseen horror (D)
  2 ice devils (D)
  An efreet (D)
  A freezing wraith (D)
  A rime drake (D)
  A hellwing (D)
  A red devil (D)
  A polar bear (D)
  A wandering mushroom (D)
  A troll (D)
  5 merfolk (D)
  3 wind drakes (D)
  2 tyrant leeches (D)
  10 dream sheep (D)
  3 slime creatures (D)
  3 blink frogs (D)
  A jumping spider (D)
  A flying skull (D)
  A wraith (D)
  6 vampires (D)
  A ynoxinul (D)
  A wyvern (D)
  A vampire mosquito (D)
  2 fire bats (D)
  A steam dragon (D)
  A small abomination (D)
  A neqoxec (D)
  5 redbacks (D)
  Edmund (D)
  4 hell hounds (D)
  A water moccasin (D)
  2 floating eyes (D)
  3 orc warriors (D)
  A sky beast (D)
  A centaur (D)
  12 wolves (D)
  A phantom (D)
  4 lemures (D)
  2 bullfrogs (D)
  3 earth elementals (D)
  2 gnoll sergeants (D)
  2 scorpions (D)
  17 killer bees (D)
  A hound (D)
  Crazy Yiuf (D)
  An iron imp (D)
  A mummy (D)
  5 gnolls (D)
  A white imp (D)
  An ufetubus (D)
  2 adder zombies (D)
  4 adder skeletons (D)
  4 orcs (D)
  A ball python (D)
  2 bat skeletons (D)
  A bat zombie (D)
  A giant cockroach (D)
  A goblin (D)
  A hobgoblin (D)
  A ball python simulacrum (D)
  2 ball python skeletons (D)
  2 bats (D)
  A bat simulacrum (D)
  2 frilled lizards (D)
  A giant cockroach zombie (D)
  A jackal skeleton (D)
  A kobold (D)
  A quokka simulacrum (D)
458 creatures vanquished.

Vanquished Creatures (others)
  A white draconian (D)
  A green death (D)
  A moth of wrath (D)
  A water elemental (D)
  A bat skeleton (D)
  3 ball python zombies (D)
  2 ball lightnings (D)
10 creatures vanquished.

Grand Total: 468 creatures vanquished

Notes
Turn   | Place    | Note
-------+----------+-------------------------------------------
     0 | D        | rocky1 the Gnoll Warper began the quest for the Orb.
     0 | D        | Reached XP level 1. HP: 20/20 MP: 6/6
    20 | D        | Found a bloodstained altar of Trog.
    20 | D        | Found a shimmering blue altar of Sif Muna.
    20 | D        | Found a viscous altar of Jiyva.
    20 | D        | Found a hazy altar of Hepliaklqana.
    20 | D        | Found an opulent altar of Gozag.
    21 | D        | Found a glowing golden altar of the Shining One.
    21 | D        | Found a glowing silver altar of Zin.
    21 | D        | Found a basalt altar of Yredelemnul.
    21 | D        | Found a shimmering altar of Xom.
    21 | D        | Found an ornate altar of the Wu Jian Council.
    21 | D        | Found a sacrificial altar of Ru.
    21 | D        | Found a stormy altar of Qazlal.
    21 | D        | Found an iron altar of Okawaru.
    21 | D        | Found a sparkling altar of Nemelex Xobeh.
    21 | D        | Found a burning altar of Makhleb.
    21 | D        | Found a blossoming altar of Fedhas.
    21 | D        | Found a white marble altar of Elyvilon.
    21 | D        | Found a shadowy altar of Dithmenos.
    21 | D        | Found a snail-covered altar of Cheibriados.
    24 | D        | Found a corrupted altar of Lugonu.
    24 | D        | Found a radiant altar of Vehumet.
    25 | D        | Found an ancient bone altar of Kikubaaqudgha.
    25 | D        | Found a hide-covered altar of Uskayaw.
    25 | D        | Found a broken altar of Ashenzari.
    32 | D        | Became a worshipper of Cheibriados the Contemplative
    77 | D        | Noticed a scorpion
    84 | D        | Killed a scorpion
    85 | D        | Reached skill level 5 in Fighting
    85 | D        | Reached skill level 5 in Long Blades
    85 | D        | Reached skill level 5 in Dodging
    85 | D        | Reached skill level 5 in Spellcasting
    85 | D        | Reached XP level 2. HP: 27/27 MP: 6/8
    85 | D        | Reached XP level 3. HP: 33/33 MP: 7/10
    85 | D        | Reached XP level 4. HP: 39/39 MP: 7/11
    88 | D        | Reached * piety under Cheibriados
   133 | D        | Learned a level 2 spell: Blink
   137 | D        | Learned a level 3 spell: Vhi's Electric Charge
   142 | D        | Learned a level 4 spell: Manifold Assault
   145 | D        | Noticed a scorpion
   150 | D        | Killed a scorpion
   151 | D        | Reached XP level 5. HP: 36/46 MP: 11/13
   189 | D        | Noticed a floating eye
   189 | D        | Reached ** piety under Cheibriados
   198 | D        | Reached *** piety under Cheibriados
   202 | D        | Paralysed by a floating eye for 3 turns
   205 | D        | Killed a floating eye
   206 | D        | Reached skill level 5 in Throwing
   206 | D        | Reached skill level 5 in Armour
   206 | D        | Reached XP level 6. HP: 52/52 MP: 12/15
   213 | D        | Learned a level 3 spell: Lesser Beckoning
   217 | D        | Learned a level 3 spell: Teleport Other
   275 | D        | Noticed a floating eye
   276 | D        | Noticed Edmund
   289 | D        | Reached **** piety under Cheibriados
   290 | D        | Reached skill level 5 in Invocations
   294 | D        | Reached skill level 5 in Short Blades
   294 | D        | Reached skill level 5 in Axes
   294 | D        | Reached skill level 5 in Maces & Flails
   294 | D        | Reached skill level 5 in Polearms
   294 | D        | Reached skill level 5 in Staves
   294 | D        | Reached skill level 5 in Ranged Weapons
   294 | D        | Reached skill level 5 in Stealth
   294 | D        | Reached skill level 5 in Shields
   294 | D        | Reached skill level 5 in Unarmed Combat
   294 | D        | Reached skill level 5 in Evocations
   296 | D        | Reached XP level 7. HP: 44/60 MP: 11/17
   296 | D        | Paralysed by a floating eye for 3 turns
   298 | D        | HP: 2/60 [Edmund/+1 dire flail of distortion (3)]
   310 | D        | Killed Edmund
   572 | D        | Reached ***** piety under Cheibriados
   577 | D        | Killed an unseen horror
   578 | D        | Reached skill level 5 in Conjurations
   578 | D        | Reached skill level 5 in Hexes
   578 | D        | Reached skill level 5 in Summonings
   578 | D        | Reached skill level 5 in Necromancy
   578 | D        | Reached skill level 5 in Transmutations
   578 | D        | Reached skill level 5 in Fire Magic
   578 | D        | Reached skill level 5 in Ice Magic
   578 | D        | Reached skill level 5 in Air Magic
   578 | D        | Reached skill level 5 in Earth Magic
   578 | D        | Reached skill level 5 in Poison Magic
   578 | D        | Reached XP level 8. HP: 58/68 MP: 14/20
   613 | D        | Noticed a flying skull
   614 | D        | Killed a flying skull
   656 | D        | Noticed an orc high priest
   659 | D        | Noticed an ice devil
   662 | D        | Noticed a sun demon
   662 | D        | Noticed a rust devil
   662 | D        | Killed an orc high priest
   663 | D        | Reached XP level 9. HP: 58/75 MP: 10/22
   911 | D        | Noticed an orange demon
   936 | D        | Reached ****** piety under Cheibriados
  1006 | D        | Noticed a boulder beetle
  1007 | D        | Noticed a cane toad
  1008 | D        | Noticed a two-headed ogre
  1009 | D        | Killed a cane toad
  1010 | D        | Reached skill level 10 in Spellcasting
  1010 | D        | Reached XP level 10. HP: 78/85 MP: 12/24
  1013 | D        | Killed a two-headed ogre
  1014 | D        | Reached skill level 10 in Fighting
  1014 | D        | Reached skill level 10 in Long Blades
  1014 | D        | Reached skill level 10 in Dodging
  1021 | D        | Killed a boulder beetle
  1022 | D        | Reached skill level 10 in Invocations
  1078 | D        | Noticed a smoke demon
  1078 | D        | Noticed an alligator snapping turtle
  1105 | D        | Killed a shadow wraith
  1106 | D        | Reached skill level 10 in Throwing
  1106 | D        | Reached skill level 10 in Armour
  1328 | D        | Noticed Erica
  1329 | D        | Noticed an alligator snapping turtle
  1340 | D        | Killed Erica
  1341 | D        | Reached skill level 10 in Short Blades
  1341 | D        | Reached skill level 10 in Axes
  1341 | D        | Reached skill level 10 in Maces & Flails
  1341 | D        | Reached skill level 10 in Polearms
  1341 | D        | Reached skill level 10 in Staves
  1341 | D        | Reached skill level 10 in Ranged Weapons
  1341 | D        | Reached skill level 10 in Stealth
  1341 | D        | Reached skill level 10 in Shields
  1341 | D        | Reached skill level 10 in Unarmed Combat
  1341 | D        | Reached skill level 10 in Translocations
  1341 | D        | Reached skill level 10 in Evocations
  1341 | D        | Reached XP level 11. HP: 76/93 MP: 26/26
  1478 | D        | Noticed Crazy Yiuf
  1479 | D        | Noticed a phantasmal warrior
  1479 | D        | Noticed a swamp dragon
  1479 | D        | Noticed Pikel
  1479 | D        | Noticed a deep troll
  1480 | D        | Killed Crazy Yiuf
  1482 | D        | Killed Pikel
  1482 | D        | Killed a deep troll
  1483 | D        | Killed a phantasmal warrior
  1483 | D        | Killed a swamp dragon
  1767 | D        | Killed an alligator snapping turtle
  2082 | D        | Killed an alligator snapping turtle
  2251 | D        | Noticed an alligator snapping turtle
  2269 | D        | Reached XP level 12. HP: 79/103 MP: 17/28
  2272 | D        | Killed an alligator snapping turtle
  2279 | D        | Noticed a minotaur
  2294 | D        | Killed a minotaur
  2295 | D        | Reached skill level 10 in Conjurations
  2295 | D        | Reached skill level 10 in Hexes
  2295 | D        | Reached skill level 10 in Summonings
  2295 | D        | Reached skill level 10 in Necromancy
  2295 | D        | Reached skill level 10 in Transmutations
  2295 | D        | Reached skill level 10 in Fire Magic
  2295 | D        | Reached skill level 10 in Ice Magic
  2295 | D        | Reached skill level 10 in Air Magic
  2295 | D        | Reached skill level 10 in Earth Magic
  2295 | D        | Reached skill level 10 in Poison Magic
  2496 | D        | Noticed a deep elf high priest
  2496 | D        | Noticed a spriggan defender
  2496 | D        | Noticed a fire dragon
  2496 | D        | Noticed a vampire mage
  2498 | D        | Killed a spriggan defender
  2499 | D        | Killed a deep elf high priest
  2499 | D        | Killed a vampire mage
  2512 | D        | Killed a fire dragon
  2554 | D        | Got the +6 flail of the Final Chapter {freeze, rC+ Dex+4
                  | Stlth-}
  2595 | D        | Noticed a catoblepas
  2614 | D        | Killed a catoblepas
  2861 | D        | Noticed a death yak
  2861 | D        | Noticed a nagaraja
  2861 | D        | Noticed a death yak
  2868 | D        | Killed a death yak
  2874 | D        | Killed a death yak
  2898 | D        | Killed a nagaraja
  3083 | D        | Noticed an orc warlord
  3084 | D        | Noticed an orc warlord
  3097 | D        | Reached XP level 13. HP: 98/112 MP: 14/30
  3099 | D        | Killed an orc warlord
  3099 | D        | Killed an orc warlord
  3192 | D        | Noticed a vault guard
  3208 | D        | Noticed a vault guard
  3238 | D        | Killed a vault guard
  3280 | D        | Noticed a deep elf sorcerer
  3285 | D        | Killed a deep elf sorcerer
  3286 | D        | Reached skill level 15 in Invocations
  3291 | D        | Noticed a vault guard
  3315 | D        | Killed a vault guard
  3415 | D        | Noticed a yaktaur captain
  3439 | D        | Killed a yaktaur captain
  3440 | D        | Reached skill level 15 in Spellcasting
  3449 | D        | Noticed a yaktaur captain
  3457 | D        | Killed a yaktaur captain
  3458 | D        | Reached skill level 15 in Fighting
  3458 | D        | Reached skill level 15 in Long Blades
  3458 | D        | Reached skill level 15 in Dodging
  3530 | D        | Noticed a mummy priest
  3544 | D        | Killed a mummy priest
  3547 | D        | Noticed a deep elf blademaster
  3563 | D        | Killed a deep elf blademaster
  3664 | D        | Got the +8 broad axe of Xom, Destroying {vorpal, Int+4}
  3701 | D        | Found the +3 pair of gauntlets of War {Slay+5}
  3755 | D        | Got the +5 ring mail "Arreo" {Str+3 Dex+2}
  3871 | D        | Reached XP level 14. HP: 114/123 MP: 22/33
  3871 | D        | Noticed a death cob
  3873 | D        | Killed a death cob
  3873 | D        | Noticed a death cob
  3874 | D        | Reached skill level 15 in Throwing
  3874 | D        | Reached skill level 15 in Armour
  3877 | D        | Killed a death cob
  3879 | D        | Reached skill level 15 in Short Blades
  3879 | D        | Reached skill level 15 in Axes
  3879 | D        | Reached skill level 15 in Maces & Flails
  3879 | D        | Reached skill level 15 in Polearms
  3879 | D        | Reached skill level 15 in Staves
  3879 | D        | Reached skill level 15 in Ranged Weapons
  3879 | D        | Reached skill level 15 in Stealth
  3879 | D        | Reached skill level 15 in Shields
  3879 | D        | Reached skill level 15 in Unarmed Combat
  3879 | D        | Reached skill level 15 in Evocations
  3882 | D        | Noticed an apis
  3897 | D        | Killed an apis
  3907 | D        | Identified the ring of Sophism {Fly rElec rF+}
  3957 | D        | Noticed Donald
  3961 | D        | Killed Donald
  3968 | D        | Noticed a deep elf master archer
  4023 | D        | Killed a deep elf master archer
  4110 | D        | Got the +9 battleaxe of Tension {vorpal, Drain rPois rF+
                  | Dex+5 SInv}
  4228 | D        | Noticed a lich
  4249 | D        | Killed a lich
  4263 | D        | Noticed a white draconian
  4278 | D        | Killed a white draconian
  4281 | D        | Noticed a purple draconian
  4282 | D        | Got Nonemeil's Atlas of the Bruised Wars
  4283 | D        | Noticed a white draconian stormcaller
  4285 | D        | Noticed a nagaraja
  4285 | D        | Noticed Frances
  4287 | D        | Noticed a nagaraja
  4289 | D        | Noticed a deep elf sorcerer
  4290 | D        | Killed Frances
  4291 | D        | Killed a purple draconian
  4292 | D        | Killed a nagaraja
  4292 | D        | Killed a deep elf sorcerer
  4294 | D        | Noticed a white draconian stormcaller
  4296 | D        | Noticed a white draconian
  4298 | D        | Killed a nagaraja
  4303 | D        | Killed a white draconian stormcaller
  4305 | D        | Noticed a nagaraja
  4309 | D        | Killed a nagaraja
  4310 | D        | Reached XP level 15. HP: 112/133 MP: 7/36
  4314 | D        | Killed a white draconian stormcaller
  4318 | D        | Reached skill level 15 in Translocations
  4374 | D        | Got Nuekeot's Parchment of Snow and the Spider
  4381 | D        | Got the Catalogue of Malignant Magic and the Voyage
  4383 | D        | Got the Spellbook of the Pyromaniac and Moulding
  4404 | D        | Noticed a deep elf sorcerer
  4407 | D        | Killed a deep elf sorcerer
  4434 | D        | Noticed a shadow dragon
  4443 | D        | Killed a shadow dragon
  4538 | D        | Got the ring "Koeph" {rC+ Will+ Int+2 Slay+5}
  4540 | D        | Got the ring of Hib Wurph {rCorr Str-5 Dex+6 Slay+5}
  4542 | D        | Got the amulet "Wud Bane" {Harm +Inv Will+ Regen+ Slay+3}
  4544 | D        | Got the amulet of Elitism {Acrobat rElec rF+ rN+ Slay+2}
  4546 | D        | Got the amulet of Repiyf {Reflect Fly SH+5}
  4548 | D        | Got the ring "Ucwiv" {rC+ EV+4}
  4551 | D        | Got the amulet "Zitautou" {Reflect Harm rPois SH+5}
  4553 | D        | Got the ring "Esej" {Ice rN++ rCorr Str-2 Int+3}
  4555 | D        | Got the ring "Huto Munn" {rElec MP+9 Dex+2 Slay+5}
  4557 | D        | Got the ring of the Devil's Team {Will- Int+6 Dex+4 Slay+5}
  4559 | D        | Got the ring "Mecwoeff" {AC+4 Str+4 Slay+5}
  4561 | D        | Got the ring of Noxaj {+Blink rElec Int+3 Slay+5}
  4699 | D        | Got the ring of Xom's Passing Interest {Will+ EV+6 Str-4
                  | Int+4 Dex+5}
  4701 | D        | Got the ring of Pienit {rPois rF- MP+9 Str+6 Dex+10}
  4703 | D        | Got the ring "Bedd" {rPois rC+ Int+6 Slay+2}
  4705 | D        | Got the ring of Goylug {rF+ rN+ Dex+3 Slay+5 Stlth-}
  4707 | D        | Got the ring of Isyusis {Contam rC+ Str+3 Dex+2}
  4710 | D        | Got the ring of Luexim {rF+ rN+ Int-5 SInv}
  4714 | D        | Got the ring "Baschecee" {rC++ rN+ Str+2 Int-4}
  4716 | D        | Got the ring of Arofirra {rPois rC+ Str-5 Slay+4 Stlth-}
  4718 | D        | Got the ring "Kephuc" {Wiz rC+}
  4720 | D        | Got the ring of Wonder {Fly rPois Dex+6 Slay-2}
  4807 | D        | Noticed a deep elf master archer
  4811 | D        | Killed a deep elf master archer
  4863 | D        | Learned a level 9 spell: Chain Lightning
  4867 | D        | Learned a level 3 spell: Ozocubu's Armour
  4877 | D        | Learned a level 9 spell: Fire Storm
  4922 | D        | Noticed Nergalle
  4924 | D        | Killed Nergalle
  4942 | D        | Noticed an azure jelly
  4943 | D        | Noticed a balrug
  4946 | D        | Noticed an Executioner
  4947 | D        | Noticed a rockslime
  4951 | D        | Killed an azure jelly
  4956 | D        | Killed a balrug
  4957 | D        | Reached skill level 15 in Conjurations
  4957 | D        | Reached skill level 15 in Hexes
  4957 | D        | Reached skill level 15 in Summonings
  4957 | D        | Reached skill level 15 in Necromancy
  4957 | D        | Reached skill level 15 in Transmutations
  4957 | D        | Reached skill level 15 in Fire Magic
  4957 | D        | Reached skill level 15 in Ice Magic
  4957 | D        | Reached skill level 15 in Air Magic
  4957 | D        | Reached skill level 15 in Earth Magic
  4957 | D        | Reached skill level 15 in Poison Magic
  4958 | D        | Noticed a balrug
  4963 | D        | Killed a rockslime
  4971 | D        | Killed a balrug
  4974 | D        | Noticed an acid blob
  5041 | D        | Killed an acid blob
  5131 | D        | Noticed a rockslime
  5197 | D        | Noticed a rockslime
  5199 | D        | Killed a rockslime
  5240 | D        | Noticed a rockslime
  5240 | D        | Noticed an acid blob
  5244 | D        | Killed a rockslime
  5246 | D        | Noticed an azure jelly
  5247 | D        | Killed an acid blob
  5255 | D        | Killed an azure jelly
  5272 | D        | Killed an Executioner
  5273 | D        | Reached XP level 16. HP: 104/145 MP: 3/38
  5279 | D        | Killed a rockslime
  5282 | D        | Noticed the Royal Jelly
  5397 | D        | Noticed an azure jelly
  5398 | D        | Noticed a rockslime
  5398 | D        | Noticed an azure jelly
  5398 | D        | Noticed an azure jelly
  5399 | D        | Noticed a rockslime
  5399 | D        | Noticed an acid blob
  5399 | D        | Noticed an azure jelly
  5400 | D        | Noticed an acid blob
  5401 | D        | Killed an azure jelly
  5402 | D        | Noticed an acid blob
  5402 | D        | Noticed an azure jelly
  5403 | D        | Killed an azure jelly
  5403 | D        | Killed an azure jelly
  5403 | D        | Killed an azure jelly
  5403 | D        | Noticed a rockslime
  5403 | D        | Noticed a rockslime
  5404 | D        | Killed a rockslime
  5404 | D        | Killed a rockslime
  5404 | D        | Noticed an acid blob
  5405 | D        | Killed an acid blob
  5405 | D        | Noticed a rockslime
  5407 | D        | Killed an azure jelly
  5407 | D        | Killed a rockslime
  5407 | D        | Killed a rockslime
  5407 | D        | Killed an acid blob
  5407 | D        | Killed an acid blob
  5407 | D        | Killed the Royal Jelly
  5407 | D        | Noticed an acid blob
  5408 | D        | Killed a rockslime
  5408 | D        | Noticed a rockslime
  5410 | D        | Killed an acid blob
  5413 | D        | Killed a rockslime
  5416 | D        | Killed an acid blob
  5424 | D        | Noticed an azure jelly
  5435 | D        | Noticed an acid blob
  5463 | D        | Killed an acid blob
  5536 | D        | Noticed an acid blob
  5542 | D        | Killed an acid blob
  5583 | D        | Killed an azure jelly
  5777 | D        | Noticed a deep elf master archer
  5777 | D        | Noticed a bone dragon
  5787 | D        | Killed a bone dragon
  5789 | D        | Killed a deep elf master archer
  5947 | D        | Got the +3 double sword of the Seventy-Seven Orbs {freeze,
                  | rPois rC++}
  6004 | D        | Noticed a lich
  6004 | D        | Noticed a bone dragon
  6004 | D        | Noticed a lich
  6004 | D        | Noticed a lich
  6287 | D        | Killed a lich
  6324 | D        | Killed a lich
  6411 | D        | Killed a lich
  6444 | D        | Killed a bone dragon
  6470 | D        | Reached XP level 17. HP: 85/157 MP: 32/41
  6712 | D        | Got the amulet of Dalov {Acrobat rN++ Stlth+}
  6719 | D        | Got a silver rune of Zot
  6895 | D        | Noticed an Executioner
  6897 | D        | Killed an Executioner
  6922 | D        | Noticed Nikola
  6922 | D        | Noticed Pireiq the pandemonium lord
  6922 | D        | Noticed Mennas
  6922 | D        | Noticed an Ice Fiend
  6928 | D        | Killed Pireiq the pandemonium lord
  6928 | D        | Killed an Ice Fiend
  6929 | D        | Killed Mennas
  6932 | D        | Killed Nikola
  7062 | D        | Noticed Avesm the pandemonium lord
  7081 | D        | Killed Avesm the pandemonium lord
  7196 | D        | Noticed a Killer Klown
  7204 | D        | Killed a Killer Klown
  7230 | D        | Noticed an electric golem
  7236 | D        | Killed an electric golem
  7257 | D        | Noticed a quicksilver dragon
  7260 | D        | Killed a quicksilver dragon
  7429 | D        | Noticed a royal mummy
  7453 | D        | Killed a royal mummy
  7460 | D        | Noticed a Hell Sentinel
  7466 | D        | Noticed an Ice Fiend
  7467 | D        | Killed a Hell Sentinel
  7476 | D        | Killed an Ice Fiend
  7563 | D        | Noticed a titan
  7568 | D        | Killed a titan
  7659 | D        | Noticed a tentacled monstrosity
  7664 | D        | Noticed a tentacled monstrosity
  7665 | D        | Killed a tentacled monstrosity
  7670 | D        | Killed a tentacled monstrosity
  7670 | D        | Noticed an acid blob
  7678 | D        | Killed an acid blob
  7738 | D        | Gained mutation: You are frail. (-10% HP) [a cacodemon]
  7750 | D        | Noticed Eserho the pandemonium lord
  7750 | D        | Noticed Ryikefi the pandemonium lord
  7771 | D        | Noticed a titan
  7772 | D        | Noticed a deep elf master archer
  7788 | D        | Killed a titan
  7794 | D        | Noticed a Killer Klown
  7795 | D        | Killed Ryikefi the pandemonium lord
  7800 | D        | Killed Eserho the pandemonium lord
  7802 | D        | Killed a deep elf master archer
  7803 | D        | Reached XP level 18. HP: 116/152 MP: 44/44
  7805 | D        | Noticed a Hell Sentinel
  7814 | D        | Killed a Hell Sentinel
  7819 | D        | Killed a Killer Klown
  7845 | D        | Killed a ghostly Killer Klown
  7846 | D        | Reached skill level 27 in Short Blades
  7846 | D        | Reached skill level 27 in Unarmed Combat
  7989 | D        | Lost mutation: You are frail. (-10% HP) [potion of
                  | mutation]
  7989 | D        | Gained mutation: You have a pair of small antennae on your
                  | head. [potion of mutation]
  7989 | D        | Gained mutation: Your flesh is heat resistant. (rF+)
                  | [potion of mutation]
  8014 | D        | Noticed a deep elf blademaster
  8017 | D        | Killed a deep elf blademaster
  8027 | D        | Noticed Lom Lobon
  8037 | D        | Found the +7 sceptre of Asmodeus
  8037 | D        | Noticed Asmodeus
  8039 | D        | Noticed Hoawk the pandemonium lord
  8040 | D        | Noticed an electric golem
  8041 | D        | Found the +4 staff of Dispater
  8041 | D        | Noticed Dispater
  8042 | D        | Killed Lom Lobon
  8053 | D        | Noticed a Brimstone Fiend
  8081 | D        | HP: 3/171 [Asmodeus/damnation (29)]
  8109 | D        | Noticed a royal mummy
  8118 | D        | Noticed a Brimstone Fiend
  8178 | D        | Noticed a titan
  8183 | D        | Killed a royal mummy
  8482 | D        | Learned a level 8 spell: Necromutation
  8492 | D        | Learned a level 9 spell: Polar Vortex
  8502 | D        | Learned a level 9 spell: Shatter
  8684 | D        | Noticed Mara
  8690 | D        | Killed Mara
  8904 | D        | Noticed a lich
  8907 | D        | Killed a lich
  8916 | D        | Noticed a royal mummy
  8930 | D        | Killed a royal mummy
  9247 | D        | Noticed a deep elf blademaster
  9258 | D        | Killed a deep elf blademaster
  9346 | D        | Killed a Brimstone Fiend
  9352 | D        | Got the +9 broad axe of Arcadian Fortitude {antimagic, rN+}
  9371 | D        | Noticed a golden dragon
  9375 | D        | Killed a golden dragon
  9383 | D        | Noticed Ving the pandemonium lord
  9399 | D        | Killed Ving the pandemonium lord
  9748 | D        | Noticed a titan
  9748 | D        | Noticed a deep elf blademaster
  9751 | D        | Noticed Virr the pandemonium lord
  9753 | D        | Killed a deep elf blademaster
  9758 | D        | Killed a titan
  9764 | D        | Killed Virr the pandemonium lord
 10020 | D        | Got the ring of Metwiefu {Drain +Blink rPois rC+ Str+9
                  | Dex-2}
 10045 | D        | Got the ring of Wiaciw {Fire rN+ Str+2 Int+4}
 10047 | D        | Got the ring "Itwi Ittany" {Ice rPois rCorr}
 10058 | D        | Reached XP level 19. HP: 182/182 MP: 47/47
 10061 | D        | Noticed a Killer Klown
 10061 | D        | Noticed a Killer Klown
 10061 | D        | Noticed a profane servitor
 10069 | D        | Killed a profane servitor
 10078 | D        | Killed a Killer Klown
 10082 | D        | Killed a Killer Klown
 10237 | D        | Got the ring of Ataoty {rElec rC+ rN+ Int+6 Slay-4}
 10239 | D        | Got the ring "Qeol" {rF+ SInv Stlth+}
 10241 | D        | Got the amulet "Naaloupnath" {Reflect +Blink Fly SH+5}
 10243 | D        | Got the ring "Utyxie" {MP+9 Str+7}
 10267 | D        | Noticed a curse toe
 10270 | D        | Killed a curse toe
 10676 | D        | Noticed a Hell Sentinel
 10684 | D        | Noticed a Hell Sentinel
 10687 | D        | Noticed a Hell Sentinel
 10687 | D        | Killed from afar by Dispater

Illustrated notes

Levels and vault maps discovered:
D:        pitsprint [storerooms_1, entrance_room_1, metal_vault_1, armoury_3,
          mini_pit_1, grid_room_1, main_hall_1, silver_pit, the_coven_3,
          the_vestibule_1, steel_vault_1, golden_pit, hallway_of_sentries,
          crystal_vault_6, iron_vault_4, final_vault]

Skill      XL: |  1  2  3  4  5  6  7  8  9 10 11 12 13 14 15 16 17 18 19 |
---------------+----------------------------------------------------------+-----
Fighting       | 5 6 7 8 9 11 12 13 15 16 18 20 22 24 25 | 25.3
Short Blades   | 2 3 4 5 6 7 8 10 11 12 14 16 20 23 26 27 | 27.0
Long Blades    | 5 6 7 8 9 11 12 13 15 16 18 20 22 24 25 | 25.3
Axes           | 2 3 4 5 6 7 8 10 11 12 14 16 18 20 22 24 | 24.9
Maces & Flails | 2 3 4 5 6 7 8 10 11 12 14 16 18 20 22 24 | 24.9
Polearms       | 2 3 4 5 6 7 8 10 11 12 14 16 18 20 22 24 | 24.9
Staves         | 2 3 4 5 6 7 8 10 11 12 14 16 18 20 22 24 | 24.9
Ranged Weapons | 2 3 4 5 6 7 8 10 11 12 14 16 18 20 22 24 | 24.9
Throwing       | 3 4 5 6 8 9 10 11 13 14 16 18 20 22 24 25 | 25.0
Armour         | 3 4 5 6 8 9 10 11 13 14 16 18 20 22 24 25 | 25.0
Dodging        | 5 6 7 8 9 11 12 13 15 16 18 20 22 24 25 | 25.3
Stealth        | 2 3 4 5 6 7 8 10 11 12 14 16 18 20 22 24 | 24.9
Shields        | 2 3 4 5 6 7 8 10 11 12 14 16 18 20 22 24 | 24.9
Unarmed Combat | 2 3 4 5 6 7 8 10 11 12 14 16 20 23 26 27 | 27.0
Spellcasting   | 5 6 7 8 9 10 11 12 13 15 17 18 20 22 24 25 | 25.3
Conjurations   | 2 3 4 5 6 7 8 9 11 12 13 15 17 19 21 | 21.4
Hexes          | 2 3 4 5 6 7 8 9 11 12 13 15 17 19 21 | 21.4
Summonings     | 2 3 4 5 6 7 8 9 11 12 13 15 17 20 23 24 | 24.7
Necromancy     | 2 3 4 5 6 7 8 9 11 12 13 15 17 19 21 | 21.4
Transmutations | 2 3 4 5 6 7 8 9 11 12 13 15 17 19 21 | 21.4
Fire Magic     | 2 3 4 5 6 7 8 9 11 12 13 15 17 19 21 | 21.4
Ice Magic      | 2 3 4 5 6 7 8 9 11 12 13 15 17 19 21 | 21.4
Air Magic      | 2 3 4 5 6 7 8 9 11 12 13 15 17 19 21 | 21.4
Earth Magic    | 2 3 4 5 6 7 8 9 11 12 13 15 17 19 21 | 21.4
Poison Magic   | 2 3 4 5 6 7 8 9 11 12 13 15 17 19 21 | 21.4
Invocations    | 2 3 4 5 7 8 9 10 12 14 15 17 19 21 23 26 | 26.9
Evocations     | 2 3 4 5 6 7 8 10 11 12 14 16 18 20 22 24 | 24.9
Translocations | 6 7 8 9 10 11 12 13 14 16 18 19 21 22 | 22.0

Action                   |  1- 3 |  4- 6 |  7- 9 | 10-12 | 13-15 | 16-18 | 19-21 || total
-------------------------+-------+-------+-------+-------+-------+-------+-------++-------
Melee: Falchion          |     7 |    18 |       |       |       |       |       ||    25
       Bite              |       |     7 |     3 |    28 |    60 |    93 |    16 ||   207
       Long sword        |       |    13 |    18 |       |       |       |       ||    31
       Scimitar          |       |       |     1 |   174 |   263 |   106 |       ||   544
       Punch             |       |       |       |    16 |       |       |       ||    16
       Flail             |       |       |       |       |    11 |       |       ||    11
       Broad axe         |       |       |       |       |   166 |    84 |       ||   250
       Double sword      |       |       |       |       |       |   358 |    45 ||   403
       Demon blade       |       |       |       |       |       |       |    21 ||    21
Throw: Boomerang         |       |       |       |       |     1 |       |       ||     1
 Cast: Vhi's Electric Ch |       |     1 |       |     2 |     7 |       |       ||    10
       Manifold Assault  |       |       |       |     4 |    21 |    12 |       ||    37
       Blink             |       |       |       |     2 |     1 |       |       ||     3
       Lesser Beckoning  |       |       |       |       |     3 |       |       ||     3
       Teleport Other    |       |       |       |       |     2 |       |       ||     2
       Shatter           |       |       |       |       |       |       |     5 ||     5
       Polar Vortex      |       |       |       |       |       |       |     1 ||     1
Invok: Slouch            |       |     1 |     8 |    22 |    45 |    19 |       ||    95
       Step From Time    |       |       |       |       |       |     3 |       ||     3
Evoke: Condenser vane    |       |       |       |       |     1 |       |       ||     1
  Use: Potion            |     1 |       |     2 |     7 |    10 |    19 |     2 ||    41
       Scroll            |       |       |       |     3 |       |    15 |     1 ||    19
 Stab: Sleeping          |       |       |     2 |     3 |       |    19 |     1 ||    25
       Invisible         |       |       |       |     4 |     1 |       |       ||     5
       Distracted        |       |       |       |     1 |     2 |     9 |       ||    12
Armor: Leather armour    |     1 |     7 |       |       |       |       |       ||     8
       Ring mail         |       |     3 |     6 |    40 |    63 |    10 |       ||   122
       Quicksilver drago |       |       |       |       |       |    91 |       ||    91
       Acid dragon scale |       |       |       |       |       |     3 |     8 ||    11
Dodge: Dodged            |     6 |    29 |    23 |   161 |   253 |   470 |    48 ||   990
Block: Buckler           |       |       |       |    15 |   153 |   337 |    40 ||   545

Table legend: (Time is in decaauts) A = Elapsed time spent in this place. B = Non-inter-level travel time spent in this place. C = Inter-level travel time spent in this place. D = Time resting spent in this place. E = Time spent auto-exploring this place. F = Levels seen in this place. G = Mean time per level. A B C D E F G +--------+--------+--------+--------+--------+-----+--------+ Total | 13532 | 13050 | 482 | 5465 | 0 | 1 | 13532.0 | Dungeon | 13532 | 13050 | 482 | 5465 | 0 | 1 | 13532.0 | +--------+--------+--------+--------+--------+-----+--------+

Top non-repeatable levels by time:
       D: 13532 daAuts
